 Dungeon Crawl Stone Soup version 0.30.0-3-ga4e48a9924 (webtiles) character file.

Game seed: 5880509747159656990

36 Irreverend the Conjurer (level 3, -10/19 HPs)
             Began as a Deep Elf Conjurer on May 7, 2023.
             Killed by divine providence
             ... invoked by an orc priest
              (13 damage)
             ... on level 2 of the Dungeon.
             The game lasted 00:03:39 (1136 turns).

Irreverend the Conjurer (Deep Elf Conjurer)         Turns: 1136, Time: 00:03:40

Health: -10/19     AC:  2    Str:  4    XL:     3   Next: 19%
Magic:  2/10       EV: 12    Int: 24    God:
Gold:   30         SH:  0    Dex: 13    Spells: 7/10 levels left

rFire   . . .        (no weapon)
rCold   . . .        (no shield)
rNeg    . . .        a - +0 robe
rPois   .            (no helmet)
rElec   .            (no cloak)
rCorr   .            (no gloves)
SInv    .            (no boots)
Will    .....        (no amulet)
Stlth   ++           (no ring)
HPRegen 0.23/turn    (no ring)
MPRegen 0.12/turn

%: no passive effects
@: no status effects
A: no striking features
a: no special abilities


You were on level 2 of the Dungeon.
You visited 1 branch of the dungeon, and saw 2 of its levels.

You collected 30 gold pieces.

Inventory:

Armour
 a - a +0 robe (worn)
Jewellery
 f - a ring of willpower
Scrolls
 c - 2 scrolls of amnesia {unknown}
 e - a scroll of identify {unknown}
 g - 2 scrolls of brand weapon {unknown}
 i - a scroll of teleportation {unknown}
Potions
 b - a potion of magic
 d - a potion of heal wounds {unknown}
 h - a potion of brilliance {unknown}
 j - a potion of degeneration {unknown}


   Skills:
 - Level 2.5 Dodging
 - Level 2.5 Stealth
 + Level 4.1 Spellcasting
 + Level 5.0 Conjurations


You had 7 spell levels left.
You knew the following spells:

 Your Spells              Type           Power      Damage    Failure   Level
a - Magic Dart            Conj           100%       1d8       1%          1
b - Searing Ray           Conj           58%        2d6       1%          2

Your spell library contained the following spells:

 Spells                   Type           Power      Damage    Failure   Level
 Dazzling Flash           Conj/Hex       34%        N/A       11%         3
 Fulminant Prism          Conj/Hex       8%         3d7       34%         4
 Iskenderun's Mystic Bla  Conj/Tloc      17%        2d5       34%         4


Dungeon Overview and Level Annotations

Branches:
Dungeon (2/15)

Altars:


Message History

The orc priest closely misses you.
An orc priest is nearby!
The searing ray hits the orc priest.
The orc priest is heavily wounded.
The orc priest hits you with a +0 falchion!
The orc priest attacks as you move away!
The orc priest hits you with a +0 falchion.
The orc priest invokes the aid of Beogh against you.
Pain shoots through your body!
You see here a jackal corpse.
Casting: Searing Ray (safe; 1% risk of failure)
Confirm with . or Enter, or press ? or * to list all spells.
Aiming: Magic Dart (safe; 1% risk of failure)
Press: ? - help, Shift-Dir - straight line, f/p - orc priest
Aim: an orc priest, wielding a +0 falchion and wearing a +0 chain mail (heavily wounded, 100% to hit)
The magic dart hits the orc priest but does no damage.
The orc priest is heavily wounded.
The orc priest attacks as you move away!
The orc priest hits you with a +0 falchion.
* * * LOW HITPOINT WARNING * * *
You see here a +0 club.
The orc priest mumbles some strange prayers to Beogh against you.
Pain shoots through your body!
* * * LOW HITPOINT WARNING * * *
The jackal barks!
The jackal misses you. The jackal misses you. The jackal bites you.
* * * LOW HITPOINT WARNING * * *
The orc priest looks satisfied for a moment.
The jackal attacks as you move away! The jackal barely misses you.
The jackal attacks as you move away!
The jackal bites you but does no damage.
The jackal barely misses you. The jackal attacks as you move away!
The jackal bites you.
* * * LOW HITPOINT WARNING * * *
The jackal closely misses you.
The orc priest invokes the aid of Beogh against you.
Beogh smites you!
Ouch! That really hurt!
You die...

#......##.######.##.#
#......##........##.#
#......############.#
#......###### #.#
+......'...># #.#
.####......####.# #.#
.......##### #.# #.#
######..# #####.#######.#
...###.###.o..h@.......#
..#..##.#).o#############
.....$#.#.### .....⌠#...#
.....$#..o# ..#..##.o.#
...###..## ######...#
.†...)...#


You could see an orc priest, an orc and a jackal.

Vanquished Creatures
  3 orcs (D:2)
  3 bats
  4 endoplasms (D:1)
  A giant cockroach (D:1)
  2 goblins (D:1)
  2 hobgoblins (D:1)
  3 jackals (D:2)
  9 ball pythons (D:1)
  A frilled lizard (D:1)
  A kobold (D:1)
  2 rats (D:1)
31 creatures vanquished.

Notes
Turn   | Place    | Note
-------+----------+-------------------------------------------
     0 | D:1      | Irreverend the Deep Elf Conjurer began the quest for the
                  | Orb.
     0 | D:1      | Reached XP level 1. HP: 10/10 MP: 6/6
   224 | D:1      | Reached XP level 2. HP: 15/15 MP: 6/8
   227 | D:1      | Learned a level 2 spell: Searing Ray
  1010 | D:2      | Reached XP level 3. HP: 19/19 MP: 5/10
  1104 | D:2      | Reached skill level 5 in Conjurations
  1136 | D:2      | Killed from afar by an orc priest

Illustrated notes

Levels and vault maps discovered:
D:1:      minmay_arrival_three_doors, layout_loops_cross
D:2:      cheibrodos_pilgrimage, layout_basic, minmay_misc_feat_five

Skill      XL: |  1  2  3 |
---------------+----------+-----
Spellcasting   | 4 |  4.1
Conjurations   | 5 |  5.0
Dodging        | |  2.5
Stealth        | |  2.5

Action                     || total
---------------------------++-------
   Cast: Magic Dart        ||    32
         Searing Ray       ||     9
 Armour: Robe              ||     1
  Dodge: Dodged            ||     6
